Map: Neon Violet Square LE

Players

Hasturr - Winner!

  • Race: Zerg Zerg
  • League: Gold
  • Spawn Location: 11:00

Juxtapose

  • Race: Protoss Protoss
  • League: Gold
  • Spawn Location: 5:00

VOD

https://youtu.be/HttFYFCMLhw

Description

Sometimes I misread that first Pylon placement for ramp-blocking spacing, and, well, I just walled myself in completely. That screwed me up early on and though I survived for a while, I couldn't get my momentum going properly again.

Time

  • Played on: Nov. 25, 2017, 5:01 p.m.
  • Length: 13:55
Show
View Real Time Build Order
Export as new Build Order

Hasturr Zerg - Winner!

Build Orders: Pool First, Lurkers 

Get SALT Encoding   

  12  0:00  Drone  
  13  0:08  Drone  
  13  0:13  Extractor  
  13  0:16  Drone  
  15  0:23  Overlord  
  15  0:40  Spawning Pool  
  15  0:42  Drone  
  15  0:49  Extractor  
  14  1:09  Hatchery  
  13  1:16  Drone x2  
  15  1:21  Drone  
  16  1:29  Zergling x2  
  17  1:41  Queen  
  19  1:49  Overlord  
  19  1:53  Drone  
  20  2:00  Drone  
  21  2:10  Drone  
  22  2:22  Queen  
  22  2:27  Queen  
  26  2:38  Drone x2  
  26  2:42  Metabolic Boost  
  28  2:52  Drone x3  
  31  3:07  Queen  
  31  3:09  Overlord  
  33  3:20  Drone x3, Extractor  
  33  3:23  Drone  
  33  3:26  Overlord  
  36  3:41  Lair  
  36  3:53  Pneumatized Carapace  
  36  3:56  Drone x3  
  36  3:57  Drone x4, Extractor  
  36  4:00  Extractor  
  41  4:26  Drone x10  
  51  4:48  Hydralisk Den  
  50  4:59  Evolution Chamber  
  49  5:02  Drone x3, Overlord  
  49  5:03  Evolution Chamber  
  51  5:15  Hatchery, Overlord x3  
  50  5:24  Zergling x12  
  56  5:31  Zerg Missile Weapons Level 1  
  56  5:33  Zerg Ground Armor Level 1  
  56  5:38  Hydralisk  
  56  5:42  Overseer  
  58  5:44  Hydralisk  
  60  5:51  Baneling Nest  
  58  6:12  Muscular Augments, Hydralisk  
  58  6:13  Hydralisk x5  
  70  6:30  Hydralisk  
  70  6:31  Hydralisk x3  
  78  6:36  Queen  
  80  6:41  Hydralisk  
  80  6:42  Hydralisk  
  84  6:59  Drone x6  
  90  7:04  Overlord  
  90  7:16  Centrifical Hooks  
  90  7:20  Overlord  
  90  7:27  Extractor  
  90  7:29  Zerg Missile Weapons Level 2, Extractor  
  88  7:30  Zerg Ground Armor Level 2  
  88  7:38  Infestation Pit  
  88  7:42  Baneling x4  
  88  7:43  Zergling x10  
  88  7:44  Zergling x4  
  94  7:51  Overseer  
  94  8:07  Drone x12  
  106  8:18  Overlord x3  
  106  8:37  Overlord x3  
  106  8:38  Overlord x2  
  99  8:51  Hydralisk  
  99  8:52  Hydralisk x4  
  98  8:59  Hydralisk  
  98  9:00  Hydralisk x2  
  83  9:20  Zergling x12  
  83  9:21  Zergling x12  
  95  9:31  Hive  
  95  9:33  Drone x6  
  101  10:00  Hatchery  
  100  10:15  Zerg Melee Weapons Level 1, Lurker Den  
  99  10:35  Hydralisk  
  99  10:36  Hydralisk x15  
  131  10:44  Baneling  
  131  10:45  Baneling x5  
  131  10:46  Zergling x10  
  130  11:12  Zergling x18  
  130  11:13  Zergling x8  
  143  11:32  Adrenal Glands  
  143  11:44  Extractor  
  143  11:45  Lurker  
  143  11:46  Lurker x9  
  152  11:47  Extractor  
  152  11:50  Overlord x2  
  152  11:51  Overlord x3  
  151  12:12  Adaptive Talons  
  151  12:14  Hydralisk x6  
  163  12:25  Overseer  
  163  12:26  Overseer  
  163  13:04  Baneling  
  163  13:05  Baneling x17  
  163  13:06  Zergling x2, Baneling x2  
  163  13:07  Zergling x36  
  182  13:13  Queen  
Show
View Real Time Build Order
Export as new Build Order

Juxtapose Protoss 

Build Orders:  

Get SALT Encoding   

  12  0:01  Probe  
  13  0:13  Probe  
  14  0:21  Pylon  
  14  0:25  Probe  
  15  0:39  Probe (Chrono Boost)  
  15  0:41  Gateway  
  16  0:51  Probe (Chrono Boost)  
  16  0:54  Assimilator  
  17  1:01  Probe (Chrono Boost)  
  18  1:05  Probe  
  18  1:09  Pylon  
  19  1:17  Probe  
  20  1:21  Assimilator  
  20  1:29  Probe  
  20  1:30  Cybernetics Core  
  21  1:39  Zealot  
  23  1:41  Probe  
  25  1:54  Probe  
  27  2:08  Sentry  
  27  2:14  Shield Battery  
  27  2:20  Warp Gate (Chrono Boost)  
  27  2:23  Gateway  
  27  2:25  Gateway  
  26  2:43  Zealot  
  28  3:08  Forge  
  28  3:13  Pylon  
  28  3:16  Zealot  
  28  3:17  Pylon  
  30  3:24  Pylon  
  30  3:31  Stalker x2  
  34  3:42  Twilight Council  
  34  3:45  Zealot  
  36  4:20  Protoss Ground Weapons Level 1  
  36  4:22  Charge  
  36  4:29  Zealot x2  
  40  4:43  Stalker  
  42  4:58  Nexus  
  42  5:01  Pylon  
  42  5:03  Pylon  
  42  5:31  Stalker  
  42  5:32  Stalker x2  
  48  5:37  Probe  
  49  5:48  Gateway  
  49  6:15  Probe (Chrono Boost)  
  49  6:16  Photon Cannon  
  49  6:17  Probe (Chrono Boost)  
  49  6:18  Photon Cannon  
  51  6:24  Stalker  
  54  6:28  Probe (Chrono Boost)  
  54  6:34  Probe x2  
  56  6:46  Probe x2  
  58  6:50  Robotics Facility  
  58  6:58  Probe (Chrono Boost)  
  58  6:59  Probe (Chrono Boost)  
  60  7:03  Protoss Ground Armor Level 1 (Chrono Boost)  
  62  7:09  Probe x2 (Chrono Boost)  
  62  7:11  Assimilator  
  62  7:14  Probe x2  
  64  7:15  Assimilator  
  64  7:23  Pylon  
  64  7:25  Pylon  
  64  7:28  Probe x2  
  66  7:35  Blink  
  66  7:40  Probe  
  67  7:52  Probe  
  67  7:55  Immortal (Chrono Boost)  
  72  8:04  Probe  
  73  8:24  Immortal (Chrono Boost)  
  76  8:44  Shield Battery  
  72  8:50  Zealot  
  72  8:51  Zealot x2  
  72  8:54  Immortal (Chrono Boost)  
  60  9:01  Shield Battery  
  52  9:04  Shield Battery  
  48  9:23  Gateway  
  48  9:35  Zealot  
  48  9:36  Zealot x2  
  54  9:41  Immortal (Chrono Boost)  
  58  9:47  Nexus  
  58  9:48  Pylon  
  58  9:51  Pylon  
  58  9:55  Pylon  
  58  9:59  Zealot x3  
  64  10:11  Immortal  
  68  10:17  Photon Cannon  
  68  10:20  Photon Cannon  
  68  10:21  Photon Cannon  
  68  10:23  Shield Battery  
  68  10:25  Shield Battery  
  68  10:28  Shield Battery  
  68  10:33  Photon Cannon  
  68  10:43  Stalker  
  68  10:44  Stalker  
  72  10:50  Stalker  
  74  11:05  Zealot  
  76  11:25  Photon Cannon  
  76  11:26  Zealot x3  
  76  11:27  Zealot, Photon Cannon  
  76  11:32  Immortal (Chrono Boost)  
  88  11:39  Robotics Bay  
  88  11:40  Probe (Chrono Boost)  
  88  11:46  Probe (Chrono Boost)  
  91  11:47  Probe (Chrono Boost)  
  91  11:52  Probe (Chrono Boost)  
  94  11:54  Assimilator  
  94  11:55  Probe x3 (Chrono Boost)  
  94  11:58  Probe  
  96  12:03  Stalker x2  
  96  12:05  Zealot  
  102  12:21  Probe (Chrono Boost)  
  103  12:24  Assimilator  
  103  12:32  Colossus (Chrono Boost)  
  103  12:33  Probe (Chrono Boost)  
  111  12:38  Probe (Chrono Boost)  
  111  12:43  Zealot x2  
  115  12:47  Probe  
  113  12:59  Probe  
  114  13:16  Observer (Chrono Boost)  
Tags
 
Composition
Lurkers
League
GoldGold
Matchup
PvZ
Opening
Pool First
Spawn Locations
Cross Positions
Add a new tag
Caveats
  • Supply blocks, unpowered buildings, or Contaminate may cause inaccurate times.
  • Supply counts are checked every 10 seconds.